 Dungeon Crawl Stone Soup version 0.17.0-18-gaab0e96 (webtiles) character file.

858 HaroldButt the Conjurer (level 8, -12/46 HPs)
             Began as a Halfling Conjurer on Nov 11, 2015.
             Mangled by an orc warrior
             ... wielding a +0 short sword
              (18 damage)
             ... on level 5 of the Dungeon.
             The game lasted 00:24:21 (5251 turns).

HaroldButt the Conjurer (Halfling Conjurer)         Turns: 5251, Time: 00:24:22

Health: -12/46     AC:  6    Str:  8    XL:     8   Next: 22%
Magic:  5/12       EV: 15    Int: 16    God:
Gold:   228        SH:  0    Dex: 15    Spells: 4 memorised, 1 level left

rFire  . . .     SeeInvis .     f - +0 dagger
rCold  . . .     Clarity  .     p - +1 robe {rN+}
rNeg   + . .     SustAt   .     (shield restricted)
rPois  .         Gourm    .     s - +0 helmet
rElec  .         Spirit   .     g - +0 cloak
rCorr  .         Warding  .     r - +0 pair of gloves
rMut   .         Stasis   .     (no boots)
MR     .....                    (no amulet)
Stlth  ++........               (no ring)
                                (no ring)

@: not resistant to hostile enchantments, unstealthy
A: mutation resistance 1
a: no special abilities


You were on level 5 of the Dungeon.
You were not hungry.

You visited 1 branch of the dungeon, and saw 5 of its levels.

You collected 228 gold pieces.

Inventory:

Hand Weapons
 f - a +0 dagger (weapon)
Missiles
 i - 82 stones (quivered)
 q - 13 poisoned needles
Armour
 a - a +0 robe
 d - a +0 fire dragon armour
 g - a +0 cloak (worn)
 m - a +0 buckler
 p - a +1 robe of positive energy (worn)
 r - a +0 pair of gloves (worn)
 s - a +0 helmet (worn)
Wands
 e - a wand of teleportation (6)
 t - a wand of cold (2)
 u - a wand of fire (4)
 x - a wand of enslavement (15)
 y - a wand of invisibility (5)
Scrolls
 j - 2 scrolls of teleportation
 A - a scroll of remove curse
 C - a scroll of random uselessness {unknown}
 E - a scroll of identify
 G - a scroll of enchant weapon {unknown}
Potions
 h - a potion of might
 k - a potion of brilliance
 l - a potion of agility {unknown}
 n - 2 potions of curing {unknown}
 o - a potion of flight {unknown}
 v - a potion of cancellation {unknown}
 z - a potion of mutation {unknown}
 D - 2 potions of magic {unknown}
 F - 2 potions of heal wounds {unknown}
Books
 b - a book of Conjurations

   Spells                             Type                      Level
   a - Magic Dart                     Conjuration                  1
   b - Searing Ray                    Conjuration                  2
   c - Dazzling Spray                 Conjuration/Hexes            3
   d - Fulminant Prism                Conjuration/Hexes            4
   e - Iskenderun's Mystic Blast      Conjuration                  4
   f - Iskenderun's Battlesphere      Conjuration/Charms           5
 w - a book of the Tempests

   Spells                             Type                      Level
   a - Static Discharge               Conjuration/Air              3
   b - Lightning Bolt                 Conjuration/Air              5
   c - Fireball                       Conjuration/Fire             5
   d - Tornado                        Air                          9
   e - Shatter                        Earth                        9
Comestibles
 c - 3 bread rations


   Skills:
 - Level 2.2 Dodging
 - Level 2.1 Stealth
 + Level 3.0 Spellcasting
 * Level 7.0 Conjurations
 * Level 3.2 Charms


You had one spell level left.
You knew the following spells:

 Your Spells              Type           Power        Failure   Level  Hunger
a - Magic Dart            Conj           ###.         1%          1    #......
b - Searing Ray           Conj           ###...       1%          2    ##.....
c - Iskenderun's Mystic   Conj           ###.....     12%         4    #####..
d - Iskenderun's Battles  Conj/Chrm      ###.....     75%         5    ######.


Dungeon Overview and Level Annotations

Branches:
Dungeon (5/15)
 Temple: D:4-7

Altars:
Ashenzari
Elyvilon
Kikubaaqudgha
Trog

Annotations:
D:1 1 runed door


Innate Abilities, Weirdness & Mutations

You are small and have problems with some larger weapons.
You are somewhat resistant to further mutation.


Message History

You hear a shout! x3
An orc priest comes into view. It is wielding a flail.
The searing ray hits the orc warrior.
The orc warrior is moderately wounded.
The orc priest looks braver for a moment. x2
The searing ray hits the orc warrior.
The orc warrior is moderately wounded.
The orc warrior hits you with a short sword!! 2 orcs come into view.
The searing ray hits the orc warrior.
The orc warrior is severely wounded.
The searing ray hits the orc priest.
The orc priest is severely wounded.
The orc priest mumbles some strange prayers to Beogh against you.
Something smites you!
The orc priest calls down the wrath of Beogh upon you.
Something smites you!
* * * LOW HITPOINT WARNING * * *
The orc warrior hits you with a short sword!!
You die...

#>......###########
#.......##.........
#.......#..........
.................. .
................. ...
....<...........
.....#####.# #...........
....oo..@.%###...........
....o##o.................
... ####...รท.#...<[....
. #.).....#######.
##....#.........
#..............
#..............
#.###'###.####. .. ... .#


You could see an orc warrior, an orc priest and 2 orcs.

Vanquished Creatures
  An ice beast (D:4)
  A centaur (D:4)
  An ogre (D:4)
  A scorpion (D:4)
  2 crimson imps
  3 giant frog skeletons (D:4)
  3 iguanas (D:4)
  4 orc wizards
  Terence (D:3)
  6 adders
  An ooze (D:2)
  3 worms
  2 giant geckos
  12 orcs
  7 giant cockroaches
  6 goblins
  8 hobgoblins
  12 jackals
  4 quokkas
  A ball python skeleton (D:4)
  8 bats
  7 giant newts
  10 kobolds
  A quokka skeleton (D:4)
  6 rats
111 creatures vanquished.

Vanquished Creatures (others)
  A fungus (D:5)
1 creature vanquished.

Grand Total: 112 creatures vanquished

Notes
Turn   | Place    | Note
--------------------------------------------------------------
     0 | D:1      | HaroldButt the Halfling Conjurer began the quest for the Orb.
     0 | D:1      | Reached XP level 1. HP: 11/11 MP: 3/3
     1 | D:1      | Found a runed door.
   175 | D:1      | Reached XP level 2. HP: 12/17 MP: 1/4
   605 | D:1      | Found a shattered altar of Ashenzari.
   691 | D:1      | Reached XP level 3. HP: 21/21 MP: 3/5
   695 | D:1      | Learned a level 2 spell: Searing Ray
  1430 | D:2      | Reached skill level 4 in Conjurations
  1516 | D:2      | Reached XP level 4. HP: 27/27 MP: 5/7
  1696 | D:2      | Found a white marble altar of Elyvilon.
  1696 | D:2      | Found an ancient bone altar of Kikubaaqudgha.
  1747 | D:2      | Learned a level 4 spell: Iskenderun's Mystic Blast
  2491 | D:3      | Reached XP level 5. HP: 31/31 MP: 3/8
  2599 | D:3      | Found a bloodstained altar of Trog.
  3253 | D:3      | Reached skill level 5 in Conjurations
  3253 | D:3      | Reached XP level 6. HP: 36/36 MP: 5/10
  3368 | D:3      | Noticed Terence
  3374 | D:3      | Killed Terence
  3905 | D:4      | Reached XP level 7. HP: 38/41 MP: 0/11
  4104 | D:4      | Reached skill level 6 in Conjurations
  4254 | D:4      | Learned a level 5 spell: Iskenderun's Battlesphere
  4330 | D:4      | Reached skill level 1 in Charms
  4693 | D:5      | Entered Level 5 of the Dungeon
  5057 | D:4      | Reached XP level 8. HP: 40/46 MP: 4/12
  5192 | D:5      | Reached skill level 7 in Conjurations
  5251 | D:5      | Mangled by an orc warrior

Action                   |  1- 3 |  4- 6 |  7- 9 || total
-------------------------+-------+-------+-------++-------
Melee: Short sword       |    60 |       |       ||    60
       Dagger            |     5 |   174 |    43 ||   222
Throw: Stone             |       |     1 |       ||     1
 Cast: Magic Dart        |    44 |    61 |    34 ||   139
       Searing Ray       |     1 |    15 |    15 ||    31
  Use: Scroll            |     6 |     5 |       ||    11
 Stab: Sleeping          |     2 |     2 |       ||     4
  Eat: Chunk             |     3 |     9 |     6 ||    18
